Map: Oblivion Express

Players

SubjectXile

  • Race: Terran Terran
  • Spawn Location: 12:00

Pain

  • Race: Terran Terran
  • Spawn Location: 0:00

VOD

Have the link to the VOD?

Description

Time

  • Played on: March 14, 2018, 12:46 a.m.
  • Length: 26:44
Show
View Real Time Build Order
Export as new Build Order

SubjectXile Terran 

Build Orders:  

Get SALT Encoding   

  12  0:08  SCV  
  13  0:29  Barracks  
  13  0:32  SCV  
  14  0:49  SCV  
  15  0:51  Refinery  
  15  1:07  Refinery  
  15  1:43  SCV  
  16  2:00  SCV  
  17  2:20  Elite Marine  
  21  2:34  Barracks Tech Lab  
  21  2:44  SCV  
  22  3:01  SCV  
  23  3:33  SCV  
  24  3:41  Refinery  
  24  3:46  Engineering Bay  
  24  3:50  SCV, Laser Targeting System  
  24  3:51  Engineering Bay  
  25  4:06  SCV  
  25  4:09  Ghost Visor  
  26  4:31  Refinery  
  26  4:39  Terran Infantry Weapons Level 1, Terran Infantry Armor Level 1  
  26  4:50  Factory  
  26  5:08  Hellbat Rangers  
  30  5:10  Super Stimpack  
  30  5:55  Suppression Shells  
  30  6:20  Command Center  
  30  6:25  Factory Tech Lab  
  30  6:43  Starport  
  30  6:58  Suppression Shells  
  30  7:16  SCV  
  31  7:55  Starport Tech Lab  
  31  8:17  SCV  
  31  8:19  Armory  
  32  8:25  SCV  
  33  8:33  Elite Marine  
  33  8:34  SCV  
  38  8:42  SCV  
  39  8:51  SCV  
  39  8:59  SCV  
  41  9:08  SCV  
  42  9:16  SCV  
  43  9:24  SCV  
  43  9:29  Hellbat Rangers  
  48  9:33  SCV  
  49  9:41  SCV, Terran Infantry Weapons Level 2  
  49  9:44  EMP Round  
  50  9:50  SCV  
  50  9:58  SCV  
  52  10:07  SCV  
  53  10:14  Triple Tap  
  53  10:42  Defensive Drone  
  53  10:51  SCV  
  53  10:54  Caduceus Reactor  
  54  11:00  Advanced Cloaking Field  
  54  11:05  Terran Infantry Armor Level 2  
  54  11:08  SCV  
  55  11:13  Jump Jet Assault  
  55  11:26  Infernal Pre-Igniter  
  55  11:30  Rocket Barrage  
  55  11:33  Spec Ops Ghost  
  55  11:39  Operational Efficiency  
  59  12:15  Raid Artillery  
  59  12:26  Ares-Class Targeting System  
  59  12:28  Lockdown Missiles  
  59  12:39  Infernal Projectiles, Tactical Airlift  
  61  12:45  Smart Servos  
  59  13:11  Griffin Airstrike  
  59  13:13  Spider Mines  
  59  13:30  Covert Triage  
  58  14:03  Hellbat Rangers, Elite Marine  
  58  14:04  Spec Ops Ghost  
  70  15:10  Defensive Drone  
  60  15:30  Griffin Airstrike  
  60  16:02  Spec Ops Ghost  
  64  16:11  Raven Type-II  
  64  16:12  Enhanced Manufacturing  
  66  16:27  Tactical Airlift  
  66  16:40  Railgun Turret  
  66  16:52  Griffin Airstrike  
  61  17:33  Raven Type-II  
  61  17:34  Terran Infantry Armor Level 3, Terran Infantry Weapons Level 3  
  63  17:51  Hellbat Rangers, Elite Marine  
  71  18:41  Griffin Airstrike  
  71  19:30  Defensive Drone  
  67  19:53  Railgun Turret x2  
  67  19:54  Railgun Turret  
  67  20:41  Griffin Airstrike  
  67  21:00  Defensive Drone  
  67  21:09  Spec Ops Ghost  
  71  21:34  Griffin Airstrike  
  71  22:09  Raven Type-II  
  73  22:13  Railgun Turret  
  73  22:28  Griffin Airstrike  
  73  22:37  Tactical Airlift  
  75  22:43  Instant Regeneration  
  55  23:09  Hellbat Rangers, Elite Marine  
  63  23:19  Strike Goliath  
  69  24:03  Graduating Range  
  69  24:09  Strike Goliath  
  75  24:14  Railgun Turret  
  71  24:35  Griffin Airstrike  
  68  25:16  Raven Type-II  
  70  25:24  Strike Goliath  
  76  26:03  Griffin Airstrike  
Show
View Real Time Build Order
Export as new Build Order

Pain Terran 

Build Orders:  

Get SALT Encoding   

  12  0:03  SCV  
  13  0:29  Supply Depot  
  13  0:34  SCV  
  14  0:50  SCV  
  14  0:53  Barracks  
  15  1:17  Engineering Bay  
  15  1:19  SCV  
  16  1:36  SCV  
  17  1:41  Refinery  
  17  1:49  Marine  
  18  1:51  Supply Depot  
  18  1:56  SCV  
  19  2:01  Marine  
  20  2:17  Marine  
  21  2:30  Marine  
  22  2:41  Orbital Command  
  22  2:42  Marine  
  23  2:55  Marine  
  24  3:07  Marine  
  25  3:19  Marine  
  26  3:32  Marine  
  27  3:40  Terran Infantry Weapons Level 1  
  27  3:44  Supply Depot, Marine  
  28  3:57  Marine  
  28  3:59  SCV  
  30  4:09  Marine  
  30  4:16  Supply Depot, SCV  
  32  4:22  Marine  
  33  4:34  Marine  
  34  4:46  Barracks  
  34  5:14  SCV  
  34  5:17  Barracks Reactor  
  35  5:31  Marine, SCV  
  37  5:44  Marine  
  37  5:48  SCV  
  39  5:56  Marine  
  39  6:05  SCV  
  39  6:09  Marine  
  41  6:20  Terran Infantry Armor Level 1  
  41  6:21  Marine  
  41  6:22  SCV  
  43  6:32  Marine  
  43  6:33  Marine  
  39  7:08  Marine x2  
  39  7:15  Barracks Reactor  
  38  7:20  Barracks Tech Lab, Marine  
  38  7:21  Marine  
  38  7:29  Command Center  
  40  7:30  Supply Depot  
  40  7:33  Marine  
  41  8:02  Supply Depot  
  41  8:10  Combat Shields  
  41  8:12  Marine x3  
  44  8:20  SCV  
  44  8:25  Marine x3  
  48  8:31  Refinery  
  48  8:35  Supply Depot  
  48  8:37  Marine x3, SCV  
  52  8:49  Marine  
  52  8:52  Marine x2  
  55  9:02  Marine  
  55  9:04  Marine x2  
  55  9:07  Supply Depot  
  58  9:14  Marine  
  58  9:17  Marine x2  
  55  9:27  Marine  
  55  9:29  Marine x2  
  56  9:32  SCV  
  56  9:39  Marine  
  59  9:42  Marine x2  
  62  9:52  Marine  
  62  9:55  Marine x2  
  65  10:04  Marine  
  65  10:08  Marine x2  
  68  10:17  Marine  
  69  10:20  Marine x2  
  69  10:29  Marine  
  71  10:30  Barracks  
  71  10:32  Marine  
  71  10:33  Marine  
  74  10:55  SCV  
  74  10:57  SCV  
  76  11:12  SCV  
  76  11:14  Marine x2, SCV  
  76  11:15  Marine  
  81  11:27  Marine x3  
  81  11:29  SCV  
  85  11:31  SCV  
  86  11:41  Factory  
  86  11:48  SCV  
  87  12:05  SCV  
  88  12:20  Marine x3  
  88  12:21  Marine  
  88  12:22  SCV  
  93  12:32  Marine  
  93  12:33  Marine x2  
  94  12:42  Marine  
  94  13:19  SCV  
  94  13:43  SCV  
  94  13:45  Marine  
  94  13:49  Marine  
  94  13:53  Marine  
  94  13:55  Marine  
  94  13:57  Marine  
  94  14:03  Marine  
  94  14:07  Armory  
  94  14:09  Supply Depot  
  92  14:44  Supply Depot, Command Center  
  92  15:05  Marine x4  
  73  15:15  Supply Depot  
  73  15:17  Marine x4  
  51  15:30  Marine x4  
  51  15:36  Terran Infantry Weapons Level 2  
  55  15:42  Marine x4  
  55  15:47  Supply Depot  
  59  15:55  Marine x4  
  62  16:07  Marine x4  
  65  16:19  Marine x4  
  69  16:32  Marine x4  
  62  16:44  Marine x4  
  60  16:57  Marine  
  60  16:58  Marine x3  
  56  17:05  SCV  
  56  17:09  Marine  
  57  17:10  Marine  
  57  17:11  Marine x2  
  57  17:17  SCV  
  62  17:22  Marine, SCV  
  62  17:23  Marine x3  
  67  17:34  Marine, SCV  
  67  17:35  Marine  
  67  17:36  Marine x2  
  67  17:39  SCV  
  73  17:47  Marine  
  73  17:48  Marine x3  
  77  17:51  SCV  
  77  17:56  SCV  
  77  17:59  Marine  
  79  18:00  Marine x2  
  79  18:01  Marine  
  83  18:11  Marine  
  83  18:13  SCV  
  85  18:30  SCV  
  86  18:46  Terran Infantry Armor Level 2  
  86  18:47  SCV  
  80  19:01  Marine x4  
  80  19:04  SCV  
  85  19:13  Marine  
  85  19:14  Marine x3  
  89  19:20  SCV  
  90  19:34  Marine  
  90  19:35  Marine x3  
  90  19:37  SCV  
  95  19:47  Marine x4  
  99  19:54  SCV  
  99  19:59  Marine x2  
  89  20:00  Marine x2  
  92  20:11  SCV  
  92  20:12  Marine x4  
  92  20:16  SCV  
  98  20:24  Marine x3  
  98  20:25  Marine  
  98  20:28  SCV  
  103  20:33  SCV  
  103  20:37  Marine x4  
  108  20:41  Barracks  
  108  20:49  Marine x4, SCV  
  113  21:01  Marine  
  113  21:02  Marine x3  
  113  21:06  SCV  
  118  21:14  Marine x3  
  118  21:17  Marine  
  130  21:30  Supply Depot, Marine  
  118  21:32  Marine  
  118  21:33  Marine  
  118  21:34  Marine, SCV  
  112  21:42  Marine  
  112  21:45  Marine x2  
  112  21:47  Marine, SCV  
  114  21:54  Marine  
  114  21:56  Terran Infantry Weapons Level 3  
  114  21:57  Marine  
  114  21:58  Marine  
  114  21:59  Marine  
  114  22:01  Supply Depot  
  114  22:04  SCV  
  114  22:07  Marine  
  117  22:10  Marine x2  
  117  22:11  Marine  
  117  22:15  Barracks Reactor  
  117  22:19  Marine  
  120  22:21  SCV  
  120  22:22  Marine  
  120  22:23  Marine  
  120  22:24  Marine  
  124  22:32  Supply Depot, Marine  
  124  22:35  Marine x2  
  124  22:36  Marine  
  124  22:38  SCV  
  126  22:44  Marine  
  126  22:47  Marine  
  126  22:48  Marine  
  126  22:49  Marine  
  126  22:55  SCV  
  126  22:57  Marine  
  139  23:00  Marine x2  
  128  23:01  Marine  
  128  23:03  Supply Depot  
  128  23:05  Marine x2  
  128  23:09  Marine  
  133  23:12  Marine, SCV  
  133  23:13  Marine  
  133  23:14  Marine  
  133  23:17  Marine x2  
  140  23:21  Marine  
  140  23:24  Marine  
  140  23:25  Refinery  
  142  23:32  Marine x4  
  142  23:33  SCV  
  142  23:34  Marine  
  142  23:36  Supply Depot  
  142  23:37  Marine  
  149  23:45  Marine  
  150  23:57  Refinery  
  150  24:05  Marine x5  
  150  24:06  Supply Depot, SCV  
  134  24:18  Marine x2  
  86  24:23  SCV  
  86  24:24  Marine x4  
  87  24:30  Marine x2  
  87  24:36  Marine x4  
  87  24:38  Supply Depot  
  93  24:43  Marine x2  
  93  24:48  Marine  
  93  24:49  Marine x3  
  99  24:55  Marine x2  
  93  25:01  Marine x4  
  93  25:07  Marine x2  
  93  25:09  Supply Depot  
  96  25:13  Marine  
  96  25:14  Marine x3  
  99  25:20  Marine x2  
  99  25:26  Marine x4  
  105  25:32  Marine x2  
  105  25:38  Marine x2  
  105  25:39  Marine x2  
  111  25:45  Marine x2  
  113  25:51  Marine x4  
  113  25:57  Marine  
  113  25:58  Firebat  
  120  26:03  Marine x4  
  124  26:10  Marine  
  124  26:12  Marine  
  124  26:15  Marine  
  124  26:16  Marine x3  
Tags
 
Commander
NovaRaynor
Matchup
Co-op
Replay Pack
RP
Add a new tag
Caveats
  • Supply blocks, unpowered buildings, or Contaminate may cause inaccurate times.
  • Supply counts are checked every 10 seconds.